AoeStats
← andonihc9

Arena

509972188Analyzed
1v1 RM · 3d ago on Sep 28, 2026· 20m 57s· 2 players
Game mode
Random Map
Map size
Tiny (2 player)
Population
200
Speed
Normal
Resources
Standard
Victory
Conquest
Starting age
Dark Age
Ending age
Imperial Age
RankedLock teamsTeams togetherTeam positionsShared explorationLock speedFull tech treeHidden civsTurbo modeCheats
Victory
Defeat
🇪🇸 Khmer · Spain
867
+15
🇲🇽 Byzantines · Mexico
843
-32
andonihc9
11:34 Feudal Age
13:54 Double-Bit Axe
21:20 Castle Age
19:23 Gold Mining
19:17 Horse Collar
20:03 Arson
20:57 Scale Barding Armor
Long Gut
8:45 Loom
10:31 Feudal Age
14:30 Castle Age
13:11 Double-Bit Axe
13:10 Horse Collar
14:26 Gold Mining
15:17 Wheelbarrow
16:04 Bow Saw
15:47 Town Watch
Connection lost

Rejoining the realm…

Still unreachable

The connection could not be restored.

Session expired

The server has moved on; the page needs a fresh start.